 Dungeon Crawl Stone Soup version 0.15.1-3-g1b33baa (webtiles) character file.

155607 Psiweapon the Basher (level 17, 0/138 HPs)
             Began as a Black Draconian Fighter on Oct 7, 2014.
             Was the Champion of Makhleb.
             Slain by a sphinx (4 damage)
             ... summoned by Kirke
             ... while paralysed by a sphinx
             ... on Level 4 of the Swamp on Oct 9, 2014.
             The game lasted 04:24:41 (37735 turns).

Psiweapon the Basher (Black Draconian Fighter)     Turns: 37735, Time: 04:24:42

HP   0/138       AC 20     Str 26      XL: 17   Next:  8%
MP   0/28        EV  2     Int 10      God: Makhleb [******]
Gold 2907        SH  0     Dex 19      Spells:  3 memorised, 22 levels left

rFire  + . .     SeeInvis .     V - +9 whip (elec)
rCold  + . .     Clarity  .     (armour unavailable)
rNeg   . . .     rCorr    .     y - +1 large shield {AC+3}
rPois  .         rRot     .     W - +2 hat of the Poles {rF+ rC+ Dex+2}
rElec  +         Spirit   +     x - +2 cloak {+Inv}
SustAb .         Warding  .     b - +0 pair of gloves
rMut   .         Stasis   .     d - +1 pair of boots
Gourm  .                        w - amulet of guardian spirit
MR     ++...                    Z - +6 ring of strength
                                T - ring of Fallacy {EV+3 Dex+2}

@: paralysed, flying, very resistant to hostile enchantments, unstealthy
A: breathe lightning, able to fly continuously, unfitting armour, big wings, low
mp 1, magic resistance 1, electricity resistance, cold-blooded, AC +9
a: Breathe Lightning, Stop Flying, Minor Destruction, Lesser Servant of Makhleb,
Major Destruction, Greater Servant of Makhleb, Renounce Religion, Evoke
Invisibility


You were on level 4 of the Swamp.
You worshipped Makhleb.
Makhleb was exalted by your worship.
You were not hungry.

You visited 7 branches of the dungeon, and saw 35 of its levels.
You also visited: Bailey and Ice Cave.

You collected 3492 gold pieces.
You spent 585 gold pieces at shops.

Inventory:

Hand weapons
 g - the +5 cutlass "Zer Aph" {drain, rF+ Str+4 Stlth++, unknown}
   (You found it on level 14 of the Dungeon)

   A truly terrible weapon, it drains the life of those it strikes.
   It affects your strength (+4).
   It protects you from fire.
   It makes you much more stealthy.
 V - a +9 whip of electrocution (weapon)
Missiles
 G - 52 tomahawks (quivered)
Armour
 b - a +0 pair of gloves (worn)
 d - a +1 pair of boots (worn)
 x - a +2 cloak of darkness (worn)
 y - a +1 large shield of protection (worn)
 W - the +2 hat of the Poles (worn) {rF+ rC+ Dex+2}
   (You found it on level 8 of the Dungeon)

   It affects your dexterity (+2).
   It protects you from fire.
   It protects you from cold.
Magical devices
 c - a wand of invisibility (3)
 n - a wand of digging (8)
 u - a wand of heal wounds (6)
 z - a wand of flame (3)
 C - a wand of polymorph (10)
 E - a wand of lightning (9)
 L - a wand of heal wounds (0)
 M - a wand of cold (6)
 S - a wand of invisibility (5)
 U - a wand of confusion (8)
Comestibles
 f - 16 bread rations
 s - 10 meat rations
Scrolls
 j - 12 scrolls of teleportation
 p - 2 scrolls of identify
 r - a scroll of amnesia
 D - 11 scrolls of remove curse
 H - 2 scrolls of fog
 N - 3 scrolls of magic mapping
 R - 2 scrolls of blinking
 X - a scroll of fear
Jewellery
 l - an uncursed ring of fire
 o - a cursed ring of positive energy
 t - an uncursed ring of see invisible
 w - an amulet of guardian spirit (around neck)
 F - an uncursed ring of protection from fire
 I - an uncursed amulet of clarity
 T - the ring of Fallacy (left hand) {EV+3 Dex+2}
   (You found it on level 1 of the Swamp)

   [ring of evasion]

   It affects your evasion (+3).
   It affects your dexterity (+2).
 Y - an uncursed amulet of resist mutation
 Z - a +6 ring of strength (right hand)
Potions
 a - 2 potions of agility
 e - 2 potions of invisibility
 h - a potion of brilliance
 i - 2 potions of haste
 m - 9 potions of curing
 q - 5 potions of cancellation
 v - 3 potions of heal wounds
 A - 2 potions of restore abilities
 K - 2 potions of magic
 O - a potion of resistance
 P - 11 potions of might
Miscellaneous
 k - a disc of storms
 B - a lamp of fire
 J - a lantern of shadows
Rods
 Q - a +8 rod of clouds (12/12)
   (You acquired it on level 11 of the Dungeon)


   Skills:
 + Level 9.4 Fighting
   Level 8.1(12.3) Axes
 - Level 14.4(15.1) Maces & Flails
 - Level 5.0 Throwing
 - Level 10.8 Dodging
 - Level 3.0 Stealth
 - Level 11.5 Shields
 + Level 7.1 Spellcasting
 - Level 10.0 Translocations
 - Level 12.5 Invocations
 - Level 10.7 Evocations


You had 22 spell levels left.
You knew the following spells:

 Your Spells              Type           Power        Failure   Level  Hunger
a - Apportation           Tloc           ###.......   1%          1    None
b - Blink                 Tloc           N/A          2%          2    ##.....
c - Phase Shift           Tloc           ###.......   47%         5    #####..


Dungeon Overview and Level Annotations

Branches:
Dungeon (15/15)            Temple (1/1) D:5             Orc (4/4) D:10
    Elf (2/3) Orc:3          Lair (8/8) D:10          Swamp (4/5) Lair:6
 Spider (0/5) Lair:4        Slime (0/6) Lair:6       Vaults (0/5) D:13
 Depths (1/5) D:15

Altars:
Ashenzari
Cheibriados
Dithmenos
Elyvilon
Fedhas
Kikubaaqudgha
Makhleb
Nemelex Xobeh
Okawaru
Qazlal
Sif Muna
Trog
Vehumet
Xom
Yredelemnul
Zin
The Shining One
Beogh

Shops:
D:10 }   D:14 [   Orc:4 (*%!   Elf:1 ?![

Portals:
Bazaar: Elf:1
Trove: D:10 (give 2 potions of cure mutation)

Annotations:
D:9 exclusion: hill giant
Lair:4 exclusion: downstairs
Swamp:1 1 exclusion
Swamp:4 Kirke


Innate Abilities, Weirdness & Mutations

You can breathe wild blasts of lightning.
You can fly continuously.
Your glossy black scales are hard (AC +9).
Your body does not fit into most forms of armour.
Your wings are large and strong.
You are resistant to electric shocks.
Your cold-blooded metabolism reacts poorly to cold.
Your magical capacity is low (-10% MP).
You are resistant to hostile enchantments.


Message History

The cacodemon hits you.
* * * LOW HITPOINT WARNING * * *
The harpy claws you but does no damage. The harpy claws you!
* * * LOW HITPOINT WARNING * * *
The hog bites you but does no damage. The sphinx hits you but does no damage.
The sphinx hits you.
* * * LOW HITPOINT WARNING * * *
The sphinx hits you!
* * * LOW HITPOINT WARNING * * *
Kirke hits you!
* * * LOW HITPOINT WARNING * * *
The harpy claws you but does no damage. x2
The cacodemon hits you but does no damage.
The cacodemon hits you!
* * * LOW HITPOINT WARNING * * *
The hog bites you but does no damage. The manticore bites you.
* * * LOW HITPOINT WARNING * * *
The manticore claws you but does no damage. x2
The sphinx hits you.
You die...

..≈≈♣♣ ♣..♣♣ ♣♣.♣..≈...#..#..≈
.....♣♣ ♣≈≈♣ ♣♣♣.H....#####≈.
......♣♣♣ ♣≈≈♣♣ ♣♣.≈.........♣
.≈≈≈.≈≈≈♣♣♣...♣ ♣♣%≈≈≈≈..≈..≈≈.
...≈≈≈≈♣.♣♣≈≈♣♣ ♣♣≈.♣≈≈§.≈≈♣.≈≈♣
.≈≈♣.≈≈≈≈≈.≈.♣ ♣♣≈≈≈..♣♣..♣♣.[≈♣
..≈≈.≈≈≈.§≈♣.♣♣♣♣%≈≈§♣♣♣♣..♣♣≈≈..
♣♣.≈..≈≈≈≈...≈≈♣@h..≈♣ ♣≈..♣♣≈.>
♣♣.≈≈.≈....≈≈≈.2@HH≈♣♣ ♣≈≈♣ ♣...
♣♣♣...≈≈≈≈.≈≈≈≈≈HH≈♣♣ ♣.≈♣ ♣≈..
♣♣♣.♣≈♣≈.≈≈♣.≈♣.≈♣ ♣≈≈♣ ♣≈..
♣..≈≈≈.≈..≈≈..♣♣ ♣.≈♣ ♣♣..
♣♣≈≈≈≈≈≈♣≈≈.♣.♣ ♣≈≈♣ ♣..
♣.≈≈≈≈≈≈≈≈.≈≈♣ ♣..♣ ♣♣.
♣♣.≈≈≈.≈♣..≈≈♣♣ ♣.≈♣ ♣.
♣≈......≈.≈≈≈♣ ♣≈≈♣ ♣.
♣≈♣.♣♣.§≈.♣≈≈♣♣ ♣.P♣ ♣.


You could see Kirke, a cacodemon, a sphinx, a manticore, 2 harpies and a hog.

Vanquished Creatures
  A frost giant (IceCv)
  2 deep elf sorcerers (Elf:1)
  An orc warlord (Orc:4)
  2 deep elf demonologists
  A fire dragon (Lair:8)
  Fannar (Elf:2)
  Harold (D:11)
  9 hydras
  Nessos (D:11)
  A deep troll earth mage (D:15)
  4 centaur warriors
  5 alligators
  4 tengu warriors
  3 ogre magi
  An orc high priest (Orc:4)
  2 catoblepae
  A skeletal warrior (D:13)
  9 deep elf knights
  3 swamp dragons
  An ice statue (IceCv)
  An unseen horror (D:11)
  7 orc knights
  Pikel (D:8)
  An ugly thing (D:12)
  7 deep elf summoners
  5 hill giants
  15 deep elf conjurers
  5 orc sorcerers
  A cyclops (D:14)
  A red wasp (Swamp:4)
  A griffon (Lair:3)
  Maurice (D:10)
  7 elephants
  A black mamba (shapeshifter) (D:13)
  A feature mimic (Lair:3)
  3 kobold demonologists (D:13)
  An item mimic (D:11)
  Psyche (Orc:1)
  A small abomination (Elf:2)
  3 black mambas
  An efreet (D:14)
  2 trolls
  18 spiny frogs
  A troll (shapeshifter) (Depths:1)
  8 deep elf priests
  2 wandering mushrooms (Lair:6)
  Grinder (D:4)
  5 fire drakes
  4 komodo dragons
  7 giant leeches
  17 polar bears
  A jumping spider (Elf:2)
  A red devil (Orc:4)
  7 ravens
  12 two-headed ogres
  20 slime creatures
  7 bog bodies
  26 blink frogs
  3 baby alligators (Swamp:1)
  19 deep elf magi
  A vampire (D:14)
  A trapdoor spider (D:13)
  27 vampire mosquitoes
  2 redbacks (Lair:5)
  8 spriggans
  2 wraiths
  3 shadows
  A hill giant zombie (D:12)
  A wyvern (D:15)
  3 hogs (Swamp:4)
  A water elemental (D:15)
  Eustachio (D:4)
  6 hippogriffs
  3 steam dragons
  Grum (D:8)
  A chaos spawn (Orc:4)
  17 wolves
  47 yaks
  28 swamp worms
  A tengu zombie (D:12)
  A hill giant skeleton (D:13)
  11 deep elf fighters
  2 hungry ghosts (D:9)
  4 wargs
  A soldier ant (D:13)
  3 mottled dragons
  23 water moccasins
  4 ice beasts
  2 sky beasts
  7 porcupines
  59 orc warriors
  A necrophage (D:11)
  A black bear (D:8)
  8 swamp drakes
  6 yellow wasps
  2 phantoms
  40 ogres
  A boggart (Depths:1)
  3 slaves (D:8)
  3 boring beetles
  9 big kobolds
  Duvessa (D:4)
  11 crocodiles
  10 centaurs
  An ogre simulacrum (D:12)
  A wyvern zombie (D:12)
  Blork the orc (D:5)
  15 giant frogs
  7 insubstantial wisps (Swamp:1)
  A wyvern skeleton (D:8)
  6 scorpions
  5 killer bees (D:14)
  A cyclops skeleton (D:12)
  A hippogriff zombie (D:5)
  A hippogriff skeleton (D:13)
  A yak skeleton (D:6)
  An electric eel (Lair:6)
  10 crimson imps
  Dowan (D:4)
  2 goliath beetles
  36 orc priests
  A gnoll shaman (D:8)
  7 jellies
  2 elf skeletons
  A giant frog skeleton (D:6)
  10 hounds
  42 orc wizards
  7 worker ants
  17 iguanas
  2 orange rats (Elf:2)
  2 quasits
  9 sheep
  An ogre zombie (D:5)
  A mottled dragon skeleton (D:13)
  A big kobold skeleton (D:5)
  2 mummies
  8 gnolls
  A worker ant zombie (D:9)
  71 green rats
  An orc skeleton (D:13)
  A shadow imp (D:5)
  12 white imps (Lair:2)
  25 adders
  2 giant mites (Lair:4)
  6 worms
  5 ufetubi
  An adder zombie (D:5)
  5 giant geckos
  An ooze (D:2)
  295 orcs
  13 bats
  7 giant cockroaches
  27 goblins
  15 hobgoblins
  10 jackals
  18 kobolds
  18 quokkas
  A giant gecko skeleton (D:6)
  4 giant newts
  A kobold skeleton (D:5)
  A kobold zombie (D:7)
  4 orc zombies
  A quokka skeleton (D:6)
  17 rats
  A rat skeleton (D:4)
  4 briar patches (Swamp:4)
  3 fungi
  A plant (Lair:8)
1423 creatures vanquished.

Vanquished Creatures (collateral kills)
  A thorn hunter (Swamp:4)
  Rupert (Lair:4)
  Agnes (Swamp:4)
  Aizul (Swamp:4)
  The ghost of mutis the Fighter, a powerful MiBe of Trog (Lair:5)
  A yaktaur captain (D:15)
  2 hydras
  A centaur warrior (D:14)
  A shambling mangrove (Swamp:2)
  3 orc high priests (Orc:4)
  A hell knight (D:15)
  2 deep elf knights
  A catoblepas (D:13)
  A deep elf conjurer (Elf:1)
  A cyclops (D:12)
  A hill giant (D:15)
  A sixfirhy (Orc:4)
  An elephant (Lair:5)
  A centaur zombie (D:15)
  An orange crystal statue (Elf:1)
  A spiny frog (Lair:5)
  A raven (Swamp:4)
  3 blink frogs (Lair:4)
  4 deep elf magi (Elf:1)
  2 spriggans
  A hog (Swamp:4)
  2 yaks (D:12)
  4 deep elf fighters (Elf:1)
  A water moccasin (Lair:5)
  A hippogriff (D:14)
  2 ice beasts
  5 orc warriors
  A tengu skeleton (D:14)
  9 centaurs (D:14)
  A crocodile (Lair:4)
  2 big kobolds (D:12)
  An orc priest (Bailey)
  An iguana (Lair:5)
  An orc wizard (Orc:4)
  A sheep (D:12)
  A mummy (D:12)
  4 gnolls (Bailey)
  7 green rats (Lair:5)
  An adder (Lair:5)
  An ufetubus (Orc:4)
  32 orcs
  A giant cockroach (Lair:4)
  A plant (Lair:4)
116 creatures vanquished.

Vanquished Creatures (others)
  A cacodemon (Swamp:4)
  A blizzard demon (Swamp:4)
  Josephine (D:12)
  A deep elf knight (Elf:1)
  A smoke demon (Elf:2)
  An orange demon (Bailey)
  A spiny frog (Swamp:4)
  A hellwing (Bailey)
  6 ynoxinuls
  A neqoxec (Bailey)
  An ogre (D:8)
  17 ufetubi
  A rat (D:8)
  A fungus (Lair:6)
  A plant (Lair:4)
36 creatures vanquished.

Grand Total: 1575 creatures vanquished

Notes
Turn   | Place    | Note
--------------------------------------------------------------
     0 | D:1      | Psiweapon, the Draconian Fighter, began the quest for the Orb.
     0 | D:1      | Reached XP level 1. HP: 19/19 MP: 1/1
   104 | D:1      | Reached XP level 2. HP: 24/26 MP: 2/2
   751 | D:2      | Reached XP level 3. HP: 30/33 MP: 3/3
  1521 | D:2      | Reached XP level 4. HP: 40/40 MP: 4/4
  1669 | D:3      | Found an ancient bone altar of Kikubaaqudgha.
  2184 | D:3      | Noticed an ogre
  2185 | D:3      | Killed an ogre
  2185 | D:3      | Reached skill level 4 in Fighting
  2185 | D:3      | Reached XP level 5. HP: 46/46 MP: 5/5
  2600 | D:4      | Noticed Grinder
  2682 | D:4      | Noticed Eustachio
  2725 | D:4      | Killed Eustachio
  2725 | D:4      | Reached XP level 6. HP: 3/52 MP: 6/6
  3111 | D:5      | Entered Level 5 of the Dungeon
  3451 | D:4      | Your scales start taking on a glossy black colour.
  3451 | D:4      | Gained mutation: You are resistant to electric shocks. [draconian maturity]
  3451 | D:4      | Reached XP level 7. HP: 60/60 MP: 7/7
  3479 | D:4      | Noticed Duvessa
  3482 | D:4      | Noticed Dowan
  3483 | D:4      | Killed Duvessa
  3483 | D:4      | Reached skill level 5 in Dodging
  3487 | D:4      | Killed Dowan
  3489 | D:4      | Paralysed by Grinder for 5 turns
  3501 | D:4      | Paralysed by Grinder for 4 turns
  3507 | D:4      | Killed Grinder
  3507 | D:4      | Reached skill level 5 in Fighting
  3507 | D:4      | Reached skill level 1 in Evocations
  3855 | D:4      | Reached skill level 1 in Stealth
  4047 | D:5      | Reached XP level 8. HP: 68/68 MP: 10/10
  4072 | D:5      | Found a staircase to the Ecumenical Temple.
  4117 | D:5      | Reached skill level 5 in Axes
  4125 | Temple   | Entered the Ecumenical Temple
  4187 | Temple   | Became a worshipper of Makhleb the Destroyer
  4292 | D:5      | Found a blossoming altar of Fedhas.
  4296 | D:5      | Found a shattered altar of Ashenzari.
  4554 | D:5      | Noticed Blork the orc
  4559 | D:5      | Killed Blork the orc
  4559 | D:5      | Reached skill level 5 in Shields
  5044 | D:6      | Reached skill level 6 in Dodging
  5142 | D:6      | Acquired Makhleb's first power
  5175 | D:6      | Found a glowing golden altar of the Shining One.
  5735 | D:6      | Reached XP level 9. HP: 36/75 MP: 7/12
  6071 | D:7      | Acquired Makhleb's second power
  6161 | D:7      | Reached skill level 1 in Invocations
  6249 | D:7      | Found an iron altar of Okawaru.
  6402 | D:7      | Reached skill level 7 in Axes
  6525 | D:8      | Got a steaming hat
  6544 | D:8      | Identified the +2 hat of the Poles {rF+ rC+ Dex+2} (You found it on level 8 of the Dungeon)
  6901 | D:8      | Noticed Pikel
  6909 | D:8      | Killed Pikel
  6909 | D:8      | Acquired Makhleb's third power
  6909 | D:8      | Reached skill level 8 in Axes
  6909 | D:8      | Reached skill level 5 in Invocations
  7212 | D:8      | Noticed Grum
  7215 | D:8      | Reached skill level 1 in Maces & Flails
  7215 | D:8      | Reached XP level 10. HP: 80/83 MP: 15/18
  7215 | D:8      | Killed Grum
  7774 | D:9      | Reached skill level 5 in Maces & Flails
  7788 | D:9      | Acquired Makhleb's fourth power
  8127 | D:9      | Noticed a hill giant
  8699 | D:10     | Entered Level 10 of the Dungeon
  8720 | D:10     | Found Skas Atz's Gadget Shop.
  8727 | D:10     | Noticed Maurice
  8744 | D:10     | Killed Maurice
  8846 | D:10     | Found a staircase to the Orcish Mines.
  8911 | D:10     | Found a flagged portal.
  8924 | Bailey   | Entered a bailey
  9197 | Bailey   | Reached skill level 9 in Invocations
  9203 | Bailey   | Reached XP level 11. HP: 46/89 MP: 19/24
  9426 | Bailey   | Noticed an orc knight
  9427 | Bailey   | Noticed an orc knight
  9461 | Bailey   | Killed an orc knight
  9464 | Bailey   | Killed an orc knight
  9481 | Bailey   | Noticed an orc knight
  9484 | Bailey   | Noticed an orc knight
  9550 | Bailey   | Killed an orc knight
  9563 | Bailey   | Killed an orc knight
  9794 | D:10     | Found a shadowy altar of Dithmenos.
  9854 | D:10     | Reached skill level 10 in Invocations
  9889 | D:10     | Found a portal to a secret trove of treasure.
 10051 | D:10     | Found a staircase to the Lair.
 10260 | Lair:1   | Entered Level 1 of the Lair of Beasts
 10367 | Lair:1   | Acquired Makhleb's fifth power
 11187 | Lair:2   | Found a frozen archway.
 11206 | IceCv    | Entered an ice cave
 11237 | IceCv    | Reached skill level 11 in Invocations
 11451 | IceCv    | Noticed an ice statue
 11462 | IceCv    | Killed an ice statue
 11602 | IceCv    | Reached XP level 12. HP: 75/96 MP: 27/27
 11723 | IceCv    | Reached skill level 10 in Maces & Flails
 11775 | IceCv    | Reached skill level 12 in Invocations
 11788 | IceCv    | Noticed a frost giant
 11829 | IceCv    | Killed a frost giant
 14326 | Lair:4   | Found a hole to the Spider Nest.
 14419 | Lair:4   | Noticed Rupert
 14430 | Lair:4   | Killed Rupert
 14430 | Lair:4   | Reached XP level 13. HP: 87/102 MP: 29/29
 14446 | Lair:4   | Noticed a five-headed hydra
 14453 | Lair:4   | Killed a five-headed hydra
 14947 | Lair:5   | Noticed mutis' ghost (powerful MiBe)
 15146 | D:11     | Noticed Nessos
 15165 | D:11     | Killed Nessos
 15217 | D:11     | Noticed an unseen horror
 15236 | D:11     | Killed an unseen horror
 15254 | D:11     | Got a pitted falchion
 15255 | D:11     | Identified the +5 falchion of Qazlal's Reproof {flame, *Rage +Inv +Fly rElec Str+2 SInv} (You found it on level 11 of the Dungeon)
 15389 | D:11     | Identified a scroll of acquirement
 15393 | D:11     | Identified a +4 rod of clouds (9/9) (You acquired it on level 11 of the Dungeon)
 15419 | D:11     | Noticed Harold
 15438 | D:11     | Killed Harold
 15816 | D:12     | Got a smoking hand axe
 15826 | D:12     | Identified the +1 hand axe "Cribbugh" {chop, Dex+3} (You found it on level 12 of the Dungeon)
 15858 | D:12     | Got a polished hand axe
 15859 | D:12     | Identified the +11 hand axe of Rotation {chop, +Inv rElec rC-} (You found it on level 12 of the Dungeon)
 16208 | D:12     | Noticed Josephine
 16216 | D:12     | Killed Josephine
 16359 | D:12     | You fall through a shaft for 3 floors!
 16359 | D:15     | Entered Level 15 of the Dungeon
 16512 | D:15     | Reached skill level 5 in Evocations
 16535 | D:15     | Reached skill level 10 in Dodging
 16655 | D:13     | Gained mutation: You are resistant to hostile enchantments. [potion of beneficial mutation]
 17399 | D:13     | Gained mutation: Your wings are large and strong. [draconian growth]
 17399 | D:13     | Reached XP level 14. HP: 80/110 MP: 22/29
 17500 | D:13     | Found a gate to the Vaults.
 17584 | D:13     | Reached skill level 10 in Shields
 17818 | D:13     | Learned a level 1 spell: Apportation
 17821 | D:13     | Learned a level 2 spell: Blink
 18028 | D:13     | Reached skill level 1 in Translocations
 18273 | D:13     | Found a sparkling altar of Nemelex Xobeh.
 18625 | Lair:5   | Killed mutis' ghost
 19461 | Lair:5   | Found an iron altar of Okawaru.
 20172 | Lair:6   | Found a staircase to the Slime Pits.
 20648 | Lair:6   | Found a staircase to the Swamp.
 22300 | Lair:8   | Entered Level 8 of the Lair of Beasts
 22690 | Lair:8   | Reached skill level 5 in Translocations
 23247 | Swamp:1  | Entered Level 1 of the Swamp
 23333 | Swamp:1  | Got a steaming turquoise ring
 23335 | Swamp:1  | Identified the ring of Fallacy {EV+3 Dex+2} (You found it on level 1 of the Swamp)
 23503 | Swamp:1  | Reached XP level 15. HP: 115/115 MP: 27/30
 24230 | Swamp:2  | Reached skill level 10 in Evocations
 24784 | Swamp:2  | Noticed a thorn hunter
 26116 | Lair:2   | Learned a level 5 spell: Phase Shift
 26511 | Swamp:3  | Reached skill level 13 in Maces & Flails
 27625 | Swamp:4  | Noticed Agnes
 27627 | Swamp:4  | Noticed a thorn hunter
 27641 | Swamp:4  | Killed Agnes
 27651 | Swamp:4  | Killed a thorn hunter
 28049 | Swamp:4  | Noticed Aizul
 28078 | Swamp:4  | Killed Aizul
 28461 | Orc:1    | Entered Level 1 of the Orcish Mines
 28601 | Orc:1    | Found a roughly hewn altar of Beogh.
 28749 | Orc:1    | Noticed Psyche
 28760 | Orc:1    | Killed Psyche
 30159 | Orc:3    | Reached skill level 1 in Throwing
 30327 | Orc:4    | Entered Level 4 of the Orcish Mines
 30561 | Orc:3    | Found a staircase to the Elven Halls.
 30902 | Orc:4    | Found a roughly hewn altar of Beogh.
 30922 | Orc:4    | Found Poceig's Food Boutique.
 30945 | Orc:4    | Found Stiwny's Distillery.
 30960 | Orc:4    | Bought a potion of haste for 98 gold pieces
 30960 | Orc:4    | Bought a potion of heal wounds for 42 gold pieces
 30960 | Orc:4    | Bought a potion of curing for 28 gold pieces
 30960 | Orc:4    | Bought a potion of degeneration for 28 gold pieces
 30960 | Orc:4    | Bought a potion of curing for 28 gold pieces
 30960 | Orc:4    | Bought a potion of curing for 28 gold pieces
 31130 | Orc:4    | Reached XP level 16. HP: 122/122 MP: 31/31
 31839 | Orc:4    | Reached skill level 10 in Translocations
 31901 | Orc:4    | Reached skill level 14 in Maces & Flails
 31955 | Orc:4    | Found Muil's Weapon Shop.
 31962 | Orc:4    | Reached skill level 1 in Spellcasting
 31997 | Orc:4    | Found a roughly hewn altar of Beogh.
 32014 | Orc:4    | Found Jeuheapp's Assorted Antiques.
 32034 | Orc:4    | Bought a scroll of blinking for 135 gold pieces
 32034 | Orc:4    | Bought a potion of heal wounds for 54 gold pieces
 32034 | Orc:4    | Bought a scroll of teleportation for 54 gold pieces
 32145 | Elf:1    | Entered Level 1 of the Elven Halls
 32265 | Elf:1    | Found Cotumuh's Armour Boutique.
 32771 | Elf:1    | Found a gateway to a bazaar.
 33030 | Elf:1    | Found Mnaryez's Magic Scroll Emporium.
 33098 | Elf:1    | Reached skill level 5 in Throwing
 33159 | Elf:1    | Found Ypradiag's Distillery.
 33870 | Elf:2    | Noticed Fannar
 33879 | Elf:2    | Killed Fannar
 34132 | Elf:2    | Reached skill level 5 in Spellcasting
 35429 | D:14     | Got a shimmering cutlass
 35540 | D:14     | Found an iron altar of Okawaru.
 35576 | D:14     | Found Alumm's Antique Armour Shoppe.
 35579 | D:14     | Bought a glowing cloak for 90 gold pieces
 35969 | D:15     | Found a staircase to the Depths.
 36057 | D:15     | Found a shimmering altar of Xom.
 36059 | D:15     | Found a shimmering altar of Xom.
 36059 | D:15     | Found a shimmering altar of Xom.
 36060 | D:15     | Found a shimmering altar of Xom.
 36551 | Depths:1 | Entered Level 1 of the Depths
 36568 | D:15     | Reached XP level 17. HP: 78/137 MP: 14/32
 37710 | Swamp:4  | Noticed Kirke
 37730 | Swamp:4  | Paralysed by a sphinx for 7 turns
 37731 | Swamp:4  | Gained mutation: Your magical capacity is low (-10% MP). [a cacodemon]
 37734 | Swamp:4  | HP: 6/138 [cacodemon[the player character] (5)]
 37735 | Swamp:4  | Slain by a sphinx

Action                   |  1- 3 |  4- 6 |  7- 9 | 10-12 | 13-15 | 16-18 || total
-------------------------+-------+-------+-------+-------+-------+-------++-------
Melee: War axe           |   132 |   133 |   319 |       |       |       ||   584
       Whip              |       |       |     9 |   815 |  1800 |   742 ||  3366
       Flail             |       |       |       |     1 |       |       ||     1
       Hand axe          |       |       |       |       |     6 |       ||     6
       Rod               |       |       |       |       |    14 |       ||    14
Throw: Throwing net      |       |       |     1 |     1 |       |       ||     2
       Tomahawk          |       |       |    19 |    23 |    29 |    45 ||   116
Invok: Minor Destruction |       |       |    15 |    26 |    77 |    22 ||   140
       Lesser Servant of |       |       |     1 |    13 |     1 |     4 ||    19
       Major Destruction |       |       |       |    28 |    84 |    59 ||   171
       Greater Servant o |       |       |       |     2 |     9 |     4 ||    15
 Abil: Breathe Lightning |       |       |     6 |    18 |    33 |     9 ||    66
       Fly               |       |       |       |       |     2 |       ||     2
Evoke: Wand              |       |     8 |    23 |    24 |    13 |     4 ||    72
       Disc of storms    |       |       |       |       |    65 |     9 ||    74
       Rod               |       |       |       |       |     5 |     2 ||     7
  Use: Scroll            |     4 |       |     5 |    22 |    16 |     3 ||    50
       Potion            |       |     1 |     4 |     4 |     7 |       ||    16
 Stab: Sleeping          |       |       |     6 |     7 |     7 |     4 ||    24
       Fleeing           |       |       |     1 |       |       |       ||     1
       Distracted        |       |       |       |     2 |     7 |     3 ||    12
       Confused          |       |       |       |       |     1 |       ||     1
  Eat: Chunk             |     2 |     7 |    10 |    12 |    49 |    18 ||    98
       Beef jerky        |       |       |     1 |       |     3 |     1 ||     5
       Pizza             |       |       |     1 |     2 |     9 |       ||    12
       Fruit             |       |       |       |     3 |    12 |     2 ||    17
       Meat ration       |       |       |       |     2 |       |     3 ||     5
       Bread ration      |       |       |       |     1 |       |       ||     1
       Royal jelly       |       |       |       |     1 |       |       ||     1
